PCL
LANSING LUGNUTS @ WALLA WALLA ALL-STARS
04/24/2023
 
TOP OF THE 1ST
Lansing Lugnuts batting - Pitching for Walla Walla All-Stars : LHP José Garza
Pitching: LHP José Garza
Batting: RHB Lu-fang Huie 0-0: Called Strike
0-1: Foul Ball, location: 2F
0-2: Ball
1-2: Strikes out looking
Batting: RHB Júlio Caraballo 0-0: Swinging Strike
0-1: Swinging Strike
0-2: Foul Ball, location: 2F
0-2: Ball
1-2: Foul Ball, location: 2F
1-2: Strikes out swinging
Batting: RHB Gilberto López 0-0: Ball
1-0: Foul Ball, location: 2F
1-1: Swinging Strike
1-2: Foul Ball, location: 2F
1-2: Strikes out swinging
Top of the 1st over - 0 run(s), 0 hit(s), 0 error(s), 0 left on base; Lansing 0 - Walla Walla 0
BOTTOM OF THE 1ST
Walla Walla All-Stars batting - Pitching for Lansing Lugnuts : RHP Clint John
Pitching: RHP Clint John
Batting: RHB Leslie Penn 0-0: Called Strike
0-1: Foul Ball, location: 2F
0-2: Ball
1-2: Foul Ball, location: 2F
1-2: Ball
2-2: Ball
3-2: Strikes out swinging
Batting: LHB Mike Young 0-0: Called Strike
0-1: Called Strike
0-2: Ball
1-2: SINGLE (Popup, 4D)
Batting: RHB Lorenzo Morín 0-0: Called Strike
0-1: Reached on error, E5 (Groundball, 5S)
Mike Young to second
Batting: RHB Claudio Guerra 0-0: Called Strike
0-1: Ball
1-1: Fly out, F7 (Line Drive, 78S)
Batting: LHB Keith Beard 0-0: Called Strike
0-1: Foul Ball, location: 2F
0-2: Ground out 2-3 (Groundball, 23)
Bottom of the 1st over - 0 run(s), 1 hit(s), 1 error(s), 2 left on base; Lansing 0 - Walla Walla 0
TOP OF THE 2ND
Lansing Lugnuts batting - Pitching for Walla Walla All-Stars : LHP José Garza
Batting: LHB Lewis Barr 0-0: Called Strike
0-1: Swinging Strike
0-2: Strikes out looking
Batting: LHB Damon Mitchell 0-0: Ball
1-0: Ball
2-0: Ground out 3-1 (Groundball, 34)
Batting: RHB Rafael González 0-0: Called Strike
0-1: Called Strike
0-2: Ball
1-2: Ball
2-2: Ball
3-2: Foul Ball, location: 2F
3-2: Foul Ball, location: 2F
3-2: Ground out 6-3 (Groundball, 6)
Top of the 2nd over - 0 run(s), 0 hit(s), 0 error(s), 0 left on base; Lansing 0 - Walla Walla 0
BOTTOM OF THE 2ND
Walla Walla All-Stars batting - Pitching for Lansing Lugnuts : RHP Clint John
Batting: RHB Pablo Lucero 0-0: Ball
1-0: Foul Ball, location: 2F
1-1: Swinging Strike
1-2: Ground out 6-3 (Groundball, 6)
Batting: RHB Jim Dunbar 0-0: Ball
1-0: Foul Ball, location: 2F
1-1: Foul Ball, location: 2F
1-2: Ball
2-2: SOLO HOME RUN (Flyball, 8LD), Distance : 415 ft
Batting: RHB Carlos García 0-0: Ball
1-0: Ball
2-0: Called Strike
2-1: Ground out 4-3 (Groundball, 4)
Batting: RHB Pablo Castillo 0-0: Called Strike
0-1: Foul Ball, location: 2F
0-2: Ball
1-2: Ball
2-2: Ball
3-2: Fly out, F3 (Popup, 3SF)
Bottom of the 2nd over - 1 run(s), 1 hit(s), 0 error(s), 0 left on base; Lansing 0 - Walla Walla 1
TOP OF THE 3RD
Lansing Lugnuts batting - Pitching for Walla Walla All-Stars : LHP José Garza
Batting: RHB Jim Tracy 0-0: Ball
1-0: Ball
2-0: Ball
3-0: Base on Balls
Batting: LHB Pedro Padilla 0-0: Swinging Strike
0-1: Foul Ball, location: 2F
0-2: Ball
1-2: Ball
2-2: Ball
3-2: SINGLE (Line Drive, 6M)
Jim Tracy to second
Batting: RHB Gordon Langley 0-0: Ball
1-0: Swinging Strike
1-1: Foul Ball, location: 2F
1-2: Strikes out swinging
Batting: RHB Lu-fang Huie 0-0: Called Strike
0-1: Swinging Strike
0-2: Ball
1-2: Strikes out swinging
Batting: RHB Júlio Caraballo 0-0: Fly out, F9 (Flyball, 9M)
Top of the 3rd over - 0 run(s), 1 hit(s), 0 error(s), 2 left on base; Lansing 0 - Walla Walla 1
BOTTOM OF THE 3RD
Walla Walla All-Stars batting - Pitching for Lansing Lugnuts : RHP Clint John
Batting: RHB Leslie Penn 0-0: Called Strike
0-1: Foul Ball, location: 2F
0-2: Ball
1-2: Ball
2-2: Strikes out swinging
Batting: LHB Mike Young 0-0: Ball
1-0: Ground out 6-3 (Groundball, 6)
Batting: RHB Lorenzo Morín 0-0: Ground out 1-3 (Groundball, 15)
Bottom of the 3rd over - 0 run(s), 0 hit(s), 0 error(s), 0 left on base; Lansing 0 - Walla Walla 1
TOP OF THE 4TH
Lansing Lugnuts batting - Pitching for Walla Walla All-Stars : LHP José Garza
Batting: RHB Gilberto López 0-0: Ball
1-0: Foul Ball, location: 2F
1-1: SINGLE (Line Drive, 78M)
Batting: LHB Lewis Barr 0-0: Ball
1-0: Foul Ball, location: 2F
1-1: Called Strike
1-2: Fielders Choice at 2nd, 3-6 (Groundball, 3)
Batting: LHB Damon Mitchell 0-0: Ball
1-0: Ball
2-0: Grounds into double play, 4-6-3 (Groundball, 4M)
Top of the 4th over - 0 run(s), 1 hit(s), 0 error(s), 0 left on base; Lansing 0 - Walla Walla 1
BOTTOM OF THE 4TH
Walla Walla All-Stars batting - Pitching for Lansing Lugnuts : RHP Clint John
Batting: RHB Claudio Guerra 0-0: Ball
1-0: Ball
2-0: Ground out 6-3 (Groundball, 6S)
Batting: LHB Keith Beard 0-0: Swinging Strike
0-1: Ball
1-1: Foul Ball, location: 2F
1-2: SINGLE (Groundball, 4M)
Batting: RHB Pablo Lucero 0-0: Called Strike
0-1: Swinging Strike
0-2: Foul Ball, location: 2F
0-2: Ball
1-2: Strikes out swinging
Batting: RHB Jim Dunbar 0-0: Foul Ball, location: 2F
0-1: Ball
1-1: Foul Ball, location: 2F
1-2: Ball
2-2: Fly out, F8 (Flyball, 78D)
Bottom of the 4th over - 0 run(s), 1 hit(s), 0 error(s), 1 left on base; Lansing 0 - Walla Walla 1
TOP OF THE 5TH
Lansing Lugnuts batting - Pitching for Walla Walla All-Stars : LHP José Garza
Batting: RHB Rafael González 0-0: Ball
1-0: Called Strike
1-1: Ball
2-1: Swinging Strike
2-2: Strikes out swinging
Batting: RHB Jim Tracy 0-0: Called Strike
0-1: Foul Ball, location: 2F
0-2: Ground out 4-3 (Groundball, 4)
Batting: LHB Pedro Padilla 0-0: SINGLE (Groundball, 23) (infield hit)
Batting: RHB Gordon Langley 0-0: Called Strike
0-1: Ball
1-1: Foul Ball, location: 2F
1-2: SINGLE (Line Drive, 56D)
Pedro Padilla to second
Batting: RHB Lu-fang Huie 0-0: Ball
1-0: Foul Ball, location: 2F
1-1: Ball
2-1: Foul Ball, location: 2F
2-2: Strikes out swinging
Top of the 5th over - 0 run(s), 2 hit(s), 0 error(s), 2 left on base; Lansing 0 - Walla Walla 1
BOTTOM OF THE 5TH
Walla Walla All-Stars batting - Pitching for Lansing Lugnuts : RHP Clint John
Batting: RHB Carlos García 0-0: Called Strike
0-1: Swinging Strike
0-2: Ball
1-2: Foul Ball, location: 2F
1-2: Ground out 3-1 (Groundball, 34S)
Batting: RHB Pablo Castillo 0-0: SINGLE (Groundball, 56D)
Batting: RHB Leslie Penn 0-0: Ball
1-0: Called Strike
1-1: Ball
2-1: Ball
3-1: Base on Balls
Pablo Castillo to second
Batting: LHB Mike Young 0-0: Called Strike
0-1: Foul Ball, location: 2F
0-2: Foul Ball, location: 2F
0-2: Hit by Pitch
Pablo Castillo to third
Leslie Penn to second
Pitching: RHP Juan Álvarez
Batting: RHB Lorenzo Morín 0-0: Ball
1-0: Ball
2-0: Fly out, F6 (Popup, 4MD)
Batting: RHB Claudio Guerra 0-0: Called Strike
0-1: Ground out 5-3 (Groundball, 56S)
Bottom of the 5th over - 0 run(s), 1 hit(s), 0 error(s), 3 left on base; Lansing 0 - Walla Walla 1
TOP OF THE 6TH
Lansing Lugnuts batting - Pitching for Walla Walla All-Stars : LHP José Garza
Batting: RHB Júlio Caraballo 0-0: Called Strike
0-1: Ball
1-1: Ball
2-1: Called Strike
2-2: Ball
3-2: Strikes out looking
Batting: RHB Gilberto López 0-0: Foul Ball, location: 2F
0-1: Ground out 5-3 (Groundball, 56)
Batting: LHB Lewis Barr 0-0: Fly out, F7 (Flyball, 78M)
Top of the 6th over - 0 run(s), 0 hit(s), 0 error(s), 0 left on base; Lansing 0 - Walla Walla 1
BOTTOM OF THE 6TH
Walla Walla All-Stars batting - Pitching for Lansing Lugnuts : RHP Juan Álvarez
Batting: LHB Keith Beard 0-0: Ball
1-0: SINGLE (Groundball, 4MD)
Batting: RHB Pablo Lucero 0-0: Ball
1-0: Ball
2-0: Ball
3-0: Called Strike
3-1: Swinging Strike
3-2: Base on Balls
Keith Beard to second
Batting: RHB Jim Dunbar 0-0: Ball
1-0: Called Strike
1-1: Foul Ball, location: 2F
1-2: Strikes out swinging
Batting: RHB Carlos García 0-0: Called Strike
0-1: Ball
1-1: Foul Ball, location: 2F
1-2: Grounds into double play, 4-6-3 (Groundball, 4)
Bottom of the 6th over - 0 run(s), 1 hit(s), 0 error(s), 1 left on base; Lansing 0 - Walla Walla 1
TOP OF THE 7TH
Lansing Lugnuts batting - Pitching for Walla Walla All-Stars : LHP José Garza
Batting: LHB Damon Mitchell 0-0: Called Strike
0-1: Ball
1-1: Called Strike
1-2: Ball
2-2: Strikes out swinging
Batting: RHB Rafael González 0-0: Called Strike
0-1: Foul Ball, location: 2F
0-2: Ball
1-2: Ball
2-2: Strikes out swinging
Batting: RHB Jim Tracy 0-0: Ball
1-0: Foul Ball, location: 2F
1-1: Foul Ball, location: 2F
1-2: Ball
2-2: Ball
3-2: Base on Balls
Pitching: RHP Arturo Martínez
Batting: LHB Pedro Padilla 0-0: Ball
1-0: Called Strike
1-1: Ball
2-1: 2-RUN HOME RUN (Flyball, 9LD), Distance : 352 ft
Batting: RHB Gordon Langley 0-0: Ball
1-0: Called Strike
1-1: Foul Ball, location: 2F
1-2: Ground out 5-3 (Groundball, 5S)
Top of the 7th over - 2 run(s), 1 hit(s), 0 error(s), 0 left on base; Lansing 2 - Walla Walla 1
BOTTOM OF THE 7TH
Walla Walla All-Stars batting - Pitching for Lansing Lugnuts : RHP Juan Álvarez
Pitching: LHP Craig Bowling
Batting: RHB Pablo Castillo 0-0: Called Strike
0-1: Ball
1-1: Fly out, F4 (Popup, 3D)
Batting: RHB Leslie Penn 0-0: Called Strike
0-1: Foul Ball, location: 2F
0-2: Strikes out swinging
Batting: LHB Mike Young 0-0: Ball
1-0: Swinging Strike
1-1: Ball
2-1: Called Strike
2-2: Ball
3-2: Strikes out looking
Bottom of the 7th over - 0 run(s), 0 hit(s), 0 error(s), 0 left on base; Lansing 2 - Walla Walla 1
TOP OF THE 8TH
Lansing Lugnuts batting - Pitching for Walla Walla All-Stars : RHP Arturo Martínez
Batting: RHB Lu-fang Huie 0-0: Foul Ball, location: 2F
0-1: Ball
1-1: Foul Ball, location: 2F
1-2: Ground out 5-3 (Groundball, 5S)
Batting: RHB Júlio Caraballo 0-0: Ball
1-0: Ball
2-0: SINGLE (Flyball, 7S)
Batting: RHB Gilberto López 0-0: Ball
1-0: Called Strike
1-1: Ball
2-1: Foul Ball, location: 2F
2-2: Ball
3-2: Strikes out swinging
Batting: LHB Lewis Barr 0-0: Ball
1-0: Foul Ball, location: 2F
1-1: Ball
2-1: Foul Ball, location: 2F
2-2: Strikes out swinging
Top of the 8th over - 0 run(s), 1 hit(s), 0 error(s), 1 left on base; Lansing 2 - Walla Walla 1
BOTTOM OF THE 8TH
Walla Walla All-Stars batting - Pitching for Lansing Lugnuts : LHP Craig Bowling
Pitching: RHP Paul McKee
Now in CF: Wallace Franklin
Batting: RHB Lorenzo Morín 0-0: Ball
1-0: Ground out 6-3 (Groundball, 6MS)
Batting: RHB Claudio Guerra 0-0: Ball
1-0: Foul Ball, location: 2F
1-1: Ball
2-1: Ground out 1-3 (Groundball, 15)
Pitching: RHP Bob Newton
Batting: LHB Keith Beard 0-0: Called Strike
0-1: Ball
1-1: Swinging Strike
1-2: Ball
2-2: Foul Ball, location: 2F
2-2: Fly out, F9 (Line Drive, 89S)
Bottom of the 8th over - 0 run(s), 0 hit(s), 0 error(s), 0 left on base; Lansing 2 - Walla Walla 1
TOP OF THE 9TH
Lansing Lugnuts batting - Pitching for Walla Walla All-Stars : RHP Arturo Martínez
Pitching: LHP Pepe Caro
Batting: LHB Damon Mitchell 0-0: Foul Ball, location: 2F
0-1: Swinging Strike
0-2: Strikes out swinging
Batting: RHB Rafael González 0-0: Ball
1-0: Called Strike
1-1: Foul Ball, location: 2F
1-2: Fly out, F9 (Line Drive, 9M)
Batting: RHB Jim Tracy 0-0: Ball
1-0: Fly out, F9 (Flyball, 9D)
Top of the 9th over - 0 run(s), 0 hit(s), 0 error(s), 0 left on base; Lansing 2 - Walla Walla 1
BOTTOM OF THE 9TH
Walla Walla All-Stars batting - Pitching for Lansing Lugnuts : RHP Bob Newton
Pitching: RHP Dave Rhodes
Now at 1B: Juan Muńíz
Batting: RHB Pablo Lucero 0-0: Called Strike
0-1: SINGLE (Popup, 6M)
Pinch Runner at 1st Daniel Guerrero:
Batting: RHB Jim Dunbar 0-0: Bunt - Flyout! F2
Pinch Hitting: SHB Sean Carr 0-0: Ball
1-0: Ball
2-0: Fly out, F9 (Flyball, 89M)
Pinch Hitting: SHB Ryu Kichida 0-0: Ball
1-0: Ball
2-0: Called Strike
2-1: Ball
3-1: Called Strike
3-2: SINGLE (Line Drive, 8RS)
Daniel Guerrero to second
Daniel Guerrero to third
Batting: RHB Leslie Penn 0-0: Called Strike
0-1: Swinging Strike
0-2: Foul Ball, location: 2F
0-2: Foul Ball, location: 2F
0-2: Ball
1-2: Ball
2-2: Ball
3-2: Ground out 5-3 (Groundball, 56)
Bottom of the 9th over - 0 run(s), 2 hit(s), 0 error(s), 2 left on base; Lansing 2 - Walla Walla 1
This league is powered by Out of the Park Baseball, the baseball management simulation game for PC, Mac and Linux
Wednesday, December 2nd, 2015 - OOTP Baseball 16.8 Build 38